 Dungeon Crawl Stone Soup version 0.30-a0-476-g330ca2eb8e (webtiles) character file.

Game seed: 12678313690126235093

3329 bande the Cleaver (level 10, -3/60 HPs)
             Began as a Gargoyle Fighter on Dec 22, 2022.
             Was an Elder of Okawaru.
             Slain by FakeRyeBread's ghost (12 damage)
             ... on level 6 of the Dungeon.
             The game lasted 00:14:01 (6529 turns).

bande the Cleaver (Gargoyle Fighter)                Turns: 6529, Time: 00:14:01

Health: -3/60      AC: 23    Str: 24    XL:     10   Next: 2%
Magic:  13/13      EV:  8    Int:  8    God:    Okawaru [****..]
Gold:   435        SH:  5    Dex: 16    Spells: 9/9 levels left

rFire   + . .      SeeInvis +    B - +0 war axe (drain)
rCold   + . .      Faith    .    c - +0 buckler
rNeg    + + .      Spirit   .    r - +2 chain mail {rN+}
rPois   ∞          Reflect  .    u - +0 helmet
rElec   +          Harm     .    (no cloak)
rCorr   .          Rampage  .    q - +1 pair of gloves
Will    .....                    (no boots)
Stlth   ..........               (no amulet)
HPRegen 0.30/turn                e - ring of protection from fire
MPRegen 0.13/turn                y - ring "Dawaumyn" {rPois rC+ Str+3 Dex+3 SInv}

@: no status effects
A: sickness immunity, AC +7, negative energy resistance 1, electricity
resistance, torment resistance 1, petrification resistance
a: Renounce Religion, Heroism, Finesse


You were on level 6 of the Dungeon.
You worshipped Okawaru.
Okawaru was greatly pleased with you.
You visited 2 branches of the dungeon, and saw 8 of its levels.

You collected 435 gold pieces.

Inventory:

Hand Weapons
 a - a +0 spectral war axe
 v - a +0 flail
 B - a +0 war axe of draining (weapon)
Missiles
 C - 14 boomerangs of dispersal (quivered)
Armour
 c - a +0 buckler (worn)
 q - a +1 pair of gloves (worn)
 r - a +2 chain mail of positive energy (worn)
 u - a +0 helmet (worn)
Jewellery
 e - a ring of protection from fire (left hand)
 f - an amulet of magic regeneration
 h - a ring of protection from fire
 j - the amulet "Inkeonis" {RegenMP Harm Int-4 Dex-3 Stlth+}
   (You found it on level 7 of the Dungeon)

   [amulet of magic regeneration]

   It increases your rate of magic regeneration.
   Int:       It affects your intelligence (-4).
   Dex:       It affects your dexterity (-3).
   Harm:      It increases damage dealt and taken.
   Stlth:     It makes you more stealthy.
 m - a ring of see invisible
 p - a ring of flight
 y - the ring "Dawaumyn" (right hand) {rPois rC+ Str+3 Dex+3 SInv}
   (You found it on level 6 of the Dungeon)

   [ring of see invisible]

   Str:       It affects your strength (+3).
   Dex:       It affects your dexterity (+3).
   rC:        It protects you from cold.
   rPois:     It protects you from poison.
   SInv:      It lets you see invisible.
Wands
 s - a wand of light (8)
 t - a wand of paralysis (3)
Scrolls
 b - a scroll of fear
 l - 4 scrolls of teleportation
 w - a scroll of identify
 x - a scroll of blinking
Potions
 d - 2 potions of might
 g - a potion of curing
 i - 3 potions of resistance
 k - a potion of berserk rage {unknown}
 n - a potion of brilliance {unknown}
 o - 2 potions of mutation
 z - 4 potions of attraction {unknown}
 A - 2 potions of cancellation {unknown}


   Skills:
 + Level 5.9 Fighting
 + Level 8.6 Axes
 + Level 6.5 Armour
 - Level 0.3 Dodging
 + Level 5.3 Shields
 * Level 4.9 Invocations
 * Level 4.0 Evocations


You had 9 spell levels left.
You didn't know any spells.
Your spell library contained the following spells:

 Spells                   Type           Power      Damage    Failure   Level
 Magic Dart               Conj           0%         1d3       98%         1
 Searing Ray              Conj           0%         2d4       99%         2
 Gell's Gravitas          Tloc           0%         N/A       100%        3
 Ignite Poison            Fire/Tmut/Pois 0%         N/A       100%        3
 Kindle Blastsparks       Fire/Tloc/Air  0%         2d10      100%        3
 Lesser Beckoning         Tloc           0%         N/A       100%        3
 Ozocubu's Armour         Ice            0%         N/A       100%        3
 Teleport Other           Tloc           0%         N/A       100%        3
 Fulminant Prism          Conj/Hex       0%         3d5       100%        4
 Freezing Cloud           Conj/Ice/Air   0%         6-21      100%        5
 Eringya's Noxious Bog    Tmut/Pois      0%         N/A       100%        6
 Ozocubu's Refrigeration  Ice            0%         4d7       100%        7
 Summon Forest            Summ/Tloc      Unusable   N/A       N/A         5
 Summon Hydra             Summ           Unusable   N/A       N/A         7

Dungeon Overview and Level Annotations

Branches:
Dungeon (7/15)             Temple (1/1) D:4

Altars:
Ashenzari
Cheibriados
Dithmenos
Elyvilon
Fedhas
Gozag
Hepliaklqana
Kikubaaqudgha
Makhleb
Nemelex Xobeh
Okawaru
Qazlal
Ru
Sif Muna
Trog
Uskayaw
Vehumet
Wu Jian
Xom
Yredelemnul
Zin
The Shining One

Shops:
D:6 *   D:7 (

Annotations:
D:6 FakeRyeBread's ghost, novice GrFi


Innate Abilities, Weirdness & Mutations

You are immune to sickness and miasma.
Your stone body is resilient. (AC +7)
You are immune to poison.
You resist negative energy. (rN+)
You are resistant to electric shocks. (rElec)
You are resistant to unholy torment.
You are immune to petrification.


Message History

You hit FakeRyeBread's ghost but do no damage.
FakeRyeBread's ghost is severely damaged.
FakeRyeBread's ghost barely misses you.
You hit FakeRyeBread's ghost but do no damage.
FakeRyeBread's ghost is severely damaged.
You block FakeRyeBread's ghost's attack.
You barely miss FakeRyeBread's ghost.
FakeRyeBread's ghost is severely damaged.
FakeRyeBread's ghost hits you.
FakeRyeBread's ghost hits you but does no damage.
You hit FakeRyeBread's ghost but do no damage.
FakeRyeBread's ghost is severely damaged.
You block FakeRyeBread's ghost's attack.
You slash FakeRyeBread's ghost!
FakeRyeBread's ghost is severely damaged.
You block FakeRyeBread's ghost's attack.
You barely miss FakeRyeBread's ghost.
FakeRyeBread's ghost is severely damaged.
FakeRyeBread's ghost hits you!
You hit FakeRyeBread's ghost but do no damage.
FakeRyeBread's ghost is severely damaged.
FakeRyeBread's ghost hits you!
You completely miss FakeRyeBread's ghost.
FakeRyeBread's ghost is severely damaged.
You block FakeRyeBread's ghost's attack.
You hit FakeRyeBread's ghost but do no damage.
FakeRyeBread's ghost is severely damaged.
FakeRyeBread's ghost completely misses you.
You hit FakeRyeBread's ghost but do no damage.
FakeRyeBread's ghost is severely damaged.
FakeRyeBread's ghost hits you.
* * * LOW HITPOINT WARNING * * *
You slash FakeRyeBread's ghost!
FakeRyeBread's ghost is almost destroyed.
FakeRyeBread's ghost hits you!
* * * LOW HITPOINT WARNING * * *
You slash FakeRyeBread's ghost!
FakeRyeBread's ghost is almost destroyed.
FakeRyeBread's ghost hits you!
You die...

#.....#
#.###.###############
#.###...............#
#.##..............#.#
##..'....))........#.#
..###...)))........#.#
..#....#.###########.#
..#.##.#.######### #.#
..'............W@# #.#
..#.##.#.#######[###.#
..#.##.#.# #.#...#
..#.#..#.# #.#.###
..#.#.##.# #.#.#
###.#.##.# #.#.#
#.#.##.# #.#.#
#.#.##.# #.#.#
#(#.##.# #.#.#


You could see FakeRyeBread's ghost.

Vanquished Creatures
  2 wyverns
  Eustachio (D:4)
  Duvessa (D:6)
  A water moccasin (D:6)
  An orc warrior (D:7)
  A black bear (D:6)
  An ice beast (D:6)
  2 sky beasts
  3 ogres
  A centaur (D:7)
  A phantom (D:6)
  A kobold brigand (D:6)
  Blork the orc (D:5)
  A bullfrog (D:7)
  4 scorpions
  A necrophage (D:5)
  Dowan (D:6)
  4 killer bees (D:7)
  4 crimson imps (D:4)
  2 howler monkeys (D:6)
  A gnoll bouda (D:6)
  2 hounds
  3 jellies
  3 orc priests (D:7)
  4 iguanas
  Jessica (D:3)
  10 orc wizards
  4 gnolls (D:6)
  11 adders
  A shadow imp (D:6)
  A worm (D:4)
  3 dart slugs
  27 orcs
  A bat zombie (D:4)
  8 endoplasms
  3 giant cockroaches (D:1)
  6 goblins
  3 hobgoblins
  2 jackals (D:4)
  9 quokkas
  8 ball pythons
  3 bats
  3 frilled lizards
  8 kobolds
  8 rats
  4 rat zombies (D:4)
171 creatures vanquished.

Vanquished Creatures (others)
  A plant (D:3)
1 creature vanquished.

Grand Total: 172 creatures vanquished

Notes
Turn   | Place    | Note
-------+----------+-------------------------------------------
     0 | D:1      | bande the Gargoyle Fighter began the quest for the Orb.
     0 | D:1      | Reached XP level 1. HP: 14/14 MP: 1/1
    84 | D:1      | Reached XP level 2. HP: 15/19 MP: 2/2
   170 | D:1      | Reached skill level 2 in Axes
   394 | D:1      | Reached XP level 3. HP: 20/23 MP: 3/3
  1004 | D:2      | Reached XP level 4. HP: 29/29 MP: 4/4
  1431 | D:3      | Noticed Jessica
  1435 | D:3      | Killed Jessica
  1518 | D:3      | Reached XP level 5. HP: 33/33 MP: 5/5
  1995 | D:3      | Found a faded altar of an unknown god.
  2232 | D:3      | Reached skill level 3 in Axes
  2623 | D:4      | Reached XP level 6. HP: 25/38 MP: 6/6
  2853 | D:4      | Found a shimmering altar of Xom.
  2862 | D:4      | Reached skill level 4 in Axes
  2872 | D:4      | Reached skill level 5 in Armour
  2946 | D:4      | Found an ancient bone altar of Kikubaaqudgha.
  3022 | D:4      | Found a staircase to the Ecumenical Temple.
  3032 | Temple   | Entered the Ecumenical Temple
  3042 | Temple   | Became a worshipper of Warmaster Okawaru
  3080 | D:4      | Reached XP level 7. HP: 37/43 MP: 7/7
  3285 | D:4      | Reached skill level 1 in Invocations
  3428 | D:5      | Entered Level 5 of the Dungeon
  3438 | D:5      | Noticed Eustachio
  3481 | D:4      | Killed Eustachio
  3482 | D:4      | Reached skill level 5 in Axes
  3482 | D:4      | Reached skill level 1 in Evocations
  3512 | D:5      | Found a glowing golden altar of the Shining One.
  3515 | D:5      | Found a stormy altar of Qazlal.
  3521 | D:5      | Found a shimmering blue altar of Sif Muna.
  3572 | D:5      | Reached * piety under Okawaru
  3598 | D:5      | Reached XP level 8. HP: 46/48 MP: 9/9
  3723 | D:5      | Reached skill level 6 in Axes
  3774 | D:5      | Noticed a wyvern
  3779 | D:5      | Killed a wyvern
  3842 | D:5      | Noticed Blork the orc
  3845 | D:5      | Reached skill level 5 in Fighting
  3846 | D:5      | Killed Blork the orc
  3846 | D:5      | Reached ** piety under Okawaru
  4075 | D:6      | Identified the +6 short sword of Ruozae {vorpal, rPois}
  4089 | D:6      | Identified the ring "Dawaumyn" {rPois rC+ Str+3 Dex+3 SInv}
  4113 | D:6      | Reached XP level 9. HP: 53/54 MP: 11/11
  4161 | D:6      | Reached skill level 7 in Axes
  4194 | D:6      | Found Iaqiacue's Incredible Inventory.
  4544 | D:6      | Noticed Duvessa
  4545 | D:6      | Noticed Dowan
  4567 | D:6      | Killed Duvessa
  4567 | D:6      | Reached *** piety under Okawaru
  4568 | D:6      | Reached skill level 5 in Shields
  4575 | D:6      | Killed Dowan
  5056 | D:7      | HP: 2/54 [orc warrior/+0 war axe (9)]
  5058 | D:7      | Reached skill level 8 in Axes
  5430 | D:7      | Identified the amulet "Inkeonis" {RegenMP Harm Int-4 Dex-3
                  | Stlth+}
  5633 | D:7      | Found Alibb's Antique Weapon Shoppe.
  5672 | D:7      | Found a runed translucent gate.
  5672 | D:7      | Found a runed translucent gate.
  5674 | D:7      | Found a runed translucent gate.
  5690 | D:7      | Noticed FakeRyeBread's ghost (novice GrFi)
  5782 | D:7      | Found a burning altar of Makhleb.
  5788 | D:7      | Found a bloodstained altar of Trog.
  5791 | D:7      | Found a broken altar of Ashenzari.
  5791 | D:7      | Found a basalt altar of Yredelemnul.
  5798 | D:7      | Found a radiant altar of Vehumet.
  5893 | D:6      | Reached **** piety under Okawaru
  5894 | D:6      | Reached XP level 10. HP: 47/60 MP: 13/13
  6179 | D:7      | HP: 1/60 [unseen horror simulacrum (8)]
  6529 | D:6      | Slain by FakeRyeBread's ghost

Illustrated notes

Levels and vault maps discovered:
D:1:      eino_arrival_water_star, layout_basic, serial_park_tiny_pond,
          minmay_misc_feat_secret_circle
D:2:      layout_basic, grunt_ministairs_13
D:3:      layout_basic, shapermc_ecumenical_altar_petra,
          minmay_misc_feat_ornament, uniq_jessica
D:4:      layout_gridville, lemuel_zombie_altar_kikubaaqudgha, led_xom_imps,
          minmay_temple_entry_glass
D:5:      layout_gridville, nicolae_overflow_hidden_temple,
          minmay_misc_feat_columns, uniq_eustachio, uniq_blork_the_orc
D:6:      layout_basic, chequers_arboretum, nicolae_alphabet_shops,
          dk_rats_in_the_wall, uniq_duvessa
D:7:      layout_loops_ring, nicolae_overflow_hallway_of_the_gods, serial_shops,
          shop, gammafunk_ghost_necromancy, minmay_unpleasant_kobolds
Temple:   hellmonk_temple_two_chambers

Skill      XL: |  1  2  3  4  5  6  7  8  9 |
---------------+----------------------------+-----
Axes           | 2 3 4 5 6 8 |  8.6
Shields        | 4 5 |  5.3
Armour         | 4 5 6 |  6.5
Fighting       | 4 5 |  5.9
Invocations    | 2 3 4 |  4.9
Evocations     | 1 2 4 |  4.0
Dodging        | |  0.3

Action                   |  1- 3 |  4- 6 |  7- 9 | 10-12 || total
-------------------------+-------+-------+-------+-------++-------
Melee: War axe           |    90 |   150 |   241 |    56 ||   537
  Use: Scroll            |     1 |     7 |     6 |       ||    14
       Potion            |       |       |     2 |       ||     2
Armor: Scale mail        |    69 |    67 |       |       ||   136
       Chain mail        |       |    40 |   150 |    58 ||   248
Dodge: Dodged            |    49 |    69 |    89 |    29 ||   236
Block: Buckler           |    21 |    34 |    57 |    37 ||   149

Table legend: (Time is in decaauts)
 A = Elapsed time spent in this place.
 B = Non-inter-level travel time spent in this place.
 C = Inter-level travel time spent in this place.
 D = Time resting spent in this place.
 E = Time spent auto-exploring this place.
 F = Levels seen in this place.
 G = Mean time per level.
                   A        B        C        D        E       F      G
               +--------+--------+--------+--------+--------+-----+--------+
         Total |   6684 |   6485 |    199 |    987 |   4009 |   8 |  835.5 |
       Dungeon |   6655 |   6456 |    199 |    987 |   4009 |   7 |  950.7 |
        Temple |     28 |     28 |      0 |      0 |      0 |   1 |   28.0 |
               +--------+--------+--------+--------+--------+-----+--------+

Top non-repeatable levels by time:
     D:6: 1483 daAuts
     D:3: 1258 daAuts
     D:7: 1074 daAuts
     D:4: 870 daAuts
     D:2: 809 daAuts
     D:1: 617 daAuts
     D:5: 543 daAuts
  Temple: 28 daAuts
